 Dungeon Crawl Stone Soup version 0.29-a0-1019-g84f7d21838 (webtiles) character file.

Game seed: 7049989125157604175

81 xian the Trooper (level 4, -9/40 HPs)
             Began as a Draconian Fighter on Aug 10, 2022.
             Mangled by an iguana (10 damage)
             ... on level 2 of the Dungeon.
             The game lasted 00:05:26 (1672 turns).

xian the Trooper (Draconian Fighter)                Turns: 1672, Time: 00:05:26

Health: -9/40      AC:  5    Str: 21    XL:     4   Next: 20%
Magic:  4/4        EV: 12    Int:  8    God:
Gold:   55         SH:  5    Dex: 16    Spells: 3/3 levels left

rFire   . . .      SeeInvis .   a - +0 long sword
rCold   . . .      Faith    .   b - +0 buckler
rNeg    . . .      Spirit   .   (body armour unavailable)
rPois   .          Reflect  .   (helmet restricted)
rElec   .          Harm     .   (no cloak)
rCorr   .          Rampage  .   (no gloves)
Will    .....                   (no boots)
Stlth   ++........              i - amulet of the acrobat
HPRegen 0.13/turn               m - +6 ring of dexterity
MPRegen 0.09/turn               (no ring)

@: no status effects
A: AC +5, unfitting armour, cold-blooded
a: no special abilities


You were on level 2 of the Dungeon.
You visited 1 branch of the dungeon, and saw 2 of its levels.

You collected 55 gold pieces.

Inventory:

Hand Weapons
 a - a +0 long sword (weapon)
Missiles
 l - 5 poisoned darts (quivered)
Armour
 b - a +0 buckler (worn)
Magical Staves
 h - a staff of cold
Jewellery
 i - an amulet of the acrobat (around neck)
 m - a +6 ring of dexterity (left hand)
Scrolls
 d - 3 scrolls of fear {unknown}
 f - a scroll of identify {unknown}
 j - a scroll of poison {unknown}
Potions
 c - a potion of might
 e - a potion of haste {unknown}
 g - 2 potions of heal wounds {unknown}
 k - a potion of magic {unknown}
 n - 2 potions of lignification {unknown}


   Skills:
 + Level 4.0 Fighting
 + Level 2.8 Long Blades
 + Level 3.1 Dodging
 + Level 0.3 Stealth
 + Level 3.6 Shields


You had 3 spell levels left.
You didn't know any spells.
Your spell library was empty.

Dungeon Overview and Level Annotations

Branches:
Dungeon (2/15)

Altars:


Innate Abilities, Weirdness & Mutations

Your plain brown scales are hard. (AC +5)
You cannot fit into any form of body armour.
You are cold-blooded and may be slowed by cold attacks.


Message History

You hit the hobgoblin.
You kill the hobgoblin!
You see here a hobgoblin corpse.
You see here a hobgoblin corpse.
m - a +6 ring of dexterity You feel agile.
m - a +6 ring of dexterity (left hand)
You now have 35 gold pieces (gained 8).
You now have 45 gold pieces (gained 10).
n - a pink potion
n - 2 pink potions (gained 1)
You now have 55 gold pieces (gained 10).
There is an escape hatch in the floor here.
There is a stone staircase leading up here.
An iguana comes into view.
The iguana hisses angrily.
You hit the iguana.
The iguana is lightly wounded.
The iguana bites you!
You hit the iguana.
The iguana is heavily wounded.
The iguana bites you but does no damage.
You hit the iguana.
The iguana is heavily wounded.
The iguana bites you! The iguana bites you.
You hit the iguana.
The iguana is heavily wounded.
The iguana bites you!
* * * LOW HITPOINT WARNING * * *
You hit the iguana but do no damage.
The iguana is heavily wounded.
The iguana misses you.
You hit the iguana.
The iguana is severely wounded.
The iguana misses you. The iguana bites you!
* * * LOW HITPOINT WARNING * * *
You hit the iguana but do no damage.
The iguana is severely wounded.
The iguana bites you!
You die...

#.###......#...###
#.##...........##.
#####.#..........#....
...................### #
#.................
#..###.................
#.....................
#####l..........##.### #
#######@..........##.# #.
#..................#.#
#.##.......#............##
#........#.#.............##
###.######.#.†.............
#..## ##.#.............##
##..# #..#...............
##.###.##.............##
#...#.####...##......#


You could see an iguana.

Vanquished Creatures
  4 adders (D:2)
  An adder zombie (D:2)
  An adder skeleton (D:2)
  4 endoplasms
  4 giant cockroaches
  5 goblins (D:1)
  3 hobgoblins
  3 ball pythons
  A ball python skeleton (D:2)
  4 bats
  3 frilled lizards
  4 kobolds (D:1)
  2 quokka skeletons (D:2)
  2 rats (D:1)
41 creatures vanquished.

Vanquished Creatures (others)
  2 withered plants (D:2)
2 creatures vanquished.

Grand Total: 43 creatures vanquished

Notes
Turn   | Place    | Note
-------+----------+-------------------------------------------
     0 | D:1      | xian the Draconian Fighter began the quest for the Orb.
     0 | D:1      | Reached XP level 1. HP: 19/19 MP: 1/1
   387 | D:1      | Reached XP level 2. HP: 26/26 MP: 2/2
  1076 | D:2      | Reached XP level 3. HP: 32/33 MP: 3/3
  1259 | D:2      | Reached skill level 4 in Fighting
  1334 | D:2      | Reached XP level 4. HP: 33/40 MP: 4/4
  1671 | D:2      | HP: 1/40 [iguana (7)]
  1672 | D:2      | Mangled by an iguana

Illustrated notes

Levels and vault maps discovered:
D:1:      scummos_arrival_hexagon, layout_basic, kennysheep_another_room
D:2:      layout_rooms, serial_undead, serial_undead_d, serial_undead_f,
          serial_undead_a, serial_undead_f, st_stairs_13, reono_crystal_passage

Skill      XL: |  1  2  3 |
---------------+----------+-----
Dodging        | 3 |  3.1
Fighting       | 4 |  4.0
Long Blades    | |  2.8
Stealth        | |  0.3
Shields        | |  3.6

Action                   |  1- 3 |  4- 6 || total
-------------------------+-------+-------++-------
Melee: Long sword        |   117 |    20 ||   137
       Tailslap          |     6 |     1 ||     7
 Stab: Sleeping          |     2 |       ||     2
Armor: Skin              |    47 |     4 ||    51
Dodge: Dodged            |    95 |     7 ||   102
Block: Buckler           |    36 |     1 ||    37

Table legend: (Time is in decaauts)
 A = Elapsed time spent in this place.
 B = Non-inter-level travel time spent in this place.
 C = Inter-level travel time spent in this place.
 D = Time resting spent in this place.
 E = Time spent auto-exploring this place.
 F = Levels seen in this place.
 G = Mean time per level.
                   A        B        C        D        E       F      G
               +--------+--------+--------+--------+--------+-----+--------+
         Total |   1718 |   1692 |     26 |      0 |   1209 |   2 |  859.0 |
       Dungeon |   1718 |   1692 |     26 |      0 |   1209 |   2 |  859.0 |
               +--------+--------+--------+--------+--------+-----+--------+

Top non-repeatable levels by time:
     D:1: 1084 daAuts
     D:2: 634 daAuts
